[Event "Titled Tuesday Blitz August 15 Early 2023"]
[White "djathtaspogradec"]
[Black "Kiselev, Pavel"]
[BlackFideId "4191102"]
[WhiteElo "2492"]
[BlackElo "2311"]
[Result "0-1"]
[Round "4"]
[TimeControl "180+1"]
[Date "2023.08.15"]
[WhiteClock "0:02:28"]
[BlackClock "0:02:08"]
[Board "164"]

1. Nf3 f5 2. g3 Nf6 3. Bg2 g6 4. O-O Bg7 5. b3 d6 6. Bb2 e5 7. d4 e4 8. Ne1 d5 9. c4 c6 10. Nc3 O-O 11. Rc1 Be6 12. cxd5 Nxd5 13. e3 Nd7 14. Nc2 N7b6 15. a4 Nxc3 16. Bxc3 Nd5 17. Bb2 Qb6 18. Na3 Nb4 19. Nc4 Bxc4 20. Rxc4 Nd3 21. Ba3 Rfd8 22. Qc2 Rac8 23. Rd1 Qa6 24. Bf1 b5 25. axb5 cxb5 26. Rxc8 Rxc8 27. Qa2 b4 28. Bxd3 exd3 29. d5 Qxa3 30. Qb1 d2 31. Kg2 Rc1 0-1


[Site "https://www.chess.com"]

[Event "Titled Tuesday Blitz August 15 Early 2023"]
[White "Goncalves, Davi Sulzbacher"]
[Black "Afanasieva, Alexandra"]
[WhiteFideId "2154510"]
[BlackFideId "34126926"]
[WhiteElo "2491"]
[BlackElo "2310"]
[Result "0-1"]
[Round "4"]
[TimeControl "180+1"]
[Date "2023.08.15"]
[WhiteClock "0:00:53"]
[BlackClock "0:00:05"]
[Board "165"]

1. e4 c5 2. Nf3 Nc6 3. d4 cxd4 4. Nxd4 e5 5. Nb5 d6 6. c4 Be6 7. Be2 Rc8 8. O-O Be7 9. Be3 a6 10. N5c3 Bg5 11. Nd5 Bxe3 12. fxe3 Bxd5 13. exd5 Nce7 14. Nc3 f5 15. g4 Qb6 16. Qd2 f4 17. Kh1 fxe3 18. Qc2 Nf6 19. g5 Nd7 20. Ne4 Nxd5 21. Qd1 Nf4 22. Nxd6+ Ke7 23. Nf5+ Kd8 24. Rxf4 exf4 25. Bf3 Kc7 26. Qd5 Kb8 27. Rd1 Rhd8 28. Nd6 Rc6 29. Nf7 Nf6 30. Qxd8+ Qxd8 31. Rxd8+ Ka7 32. Bxc6 e2 33. gxf6 e1=Q+ 34. Kg2 Qe2+ 35. Kh3 f3 36. Rd7 Kb6 37. Bd5 f2 38. Rxb7+ Kc5 39. fxg7 f1=Q+ 40. Kh4 Qf4+ 41. Kh3 Qeg4# 0-1


[Site "https://www.chess.com"]

[Event "Titled Tuesday Blitz August 15 Early 2023"]
[White "rionelG"]
[Black "Nguyen Hong Nhung"]
[BlackFideId "12412201"]
[WhiteElo "2308"]
[BlackElo "2490"]
[Result "1-0"]
[Round "4"]
[TimeControl "180+1"]
[Date "2023.08.15"]
[WhiteClock "0:00:31"]
[BlackClock "0:00:02"]
[Board "166"]

1. e4 c5 2. g3 Nc6 3. Bg2 g6 4. Ne2 Bg7 5. c3 c4 6. b3 Ne5 7. O-O b5 8. a4 Qb6 9. axb5 Qxb5 10. Nd4 Qb6 11. bxc4 Nxc4 12. d3 Ne5 13. Be3 Qb8 14. Na3 Nf6 15. h3 Bb7 16. Rb1 Qc8 17. f4 Nc6 18. e5 Ng8 19. Qa4 Nh6 20. Rxb7 Qxb7 21. Nxc6 Qc7 22. Nxe7 Kxe7 23. Qb4+ Ke6 24. c4 d6 25. Nb5 Qd7 26. Bd5+ Ke7 27. exd6+ Kd8 28. Bxa8 Re8 29. Bxa7 Nf5 30. Bb6+ Kc8 31. Qc5+ Kb8 32. Bc7+ Kc8 33. Na7# 1-0


[Site "https://www.chess.com"]

[Event "Titled Tuesday Blitz August 15 Early 2023"]
[White "Iljin, Timofey"]
[Black "Preobrazhenska_D2011"]
[WhiteFideId "14110180"]
[WhiteElo "2489"]
[BlackElo "2302"]
[Result "1-0"]
[Round "4"]
[TimeControl "180+1"]
[Date "2023.08.15"]
[WhiteClock "0:00:34"]
[BlackClock "0:00:00"]
[Board "167"]

1. e4 c5 2. c3 d5 3. exd5 Nf6 4. d4 Qxd5 5. Nf3 Nc6 6. Be2 Bg4 7. O-O e6 8. Be3 O-O-O 9. h3 Bh5 10. Na3 h6 11. Qa4 g5 12. Rfd1 Qd7 13. dxc5 Qe8 14. Nb5 Kb8 15. Ne5 Rxd1+ 16. Rxd1 Nd5 17. Nxc6+ Qxc6 18. Qxa7+ Kc8 19. Qa8+ Kd7 20. Na7 Qc7 21. Nb5 Qc6 22. Nd4 Qc7 23. Qa4+ Kc8 24. Qe8+ Qd8 25. Qxd8+ Kxd8 26. Bxh5 Bxc5 27. Nxe6+ fxe6 28. Bxc5 Kc7 29. c4 Nf6 30. Bd6+ Kc6 31. Be5 Rf8 32. Bf3+ Kb6 33. c5+ Kxc5 34. Bd6+ 1-0


[Site "https://www.chess.com"]

[Event "Titled Tuesday Blitz August 15 Early 2023"]
[White "Ai, Evan"]
[Black "feuervogel1000000"]
[WhiteFideId "2094770"]
[WhiteElo "2299"]
[BlackElo "2489"]
[Result "0-1"]
[Round "4"]
[TimeControl "180+1"]
[Date "2023.08.15"]
[WhiteClock "0:00:48"]
[BlackClock "0:01:21"]
[Board "168"]

1. d4 Nf6 2. Nc3 d5 3. Bf4 a6 4. e3 e6 5. Bd3 c5 6. dxc5 Nbd7 7. Nf3 Nxc5 8. Ne5 Bd6 9. O-O h5 10. h3 Qc7 11. Nf3 Bxf4 12. exf4 Qxf4 13. Re1 g5 14. Ne5 g4 15. g3 Qb4 16. a3 Qxb2 17. Qd2 d4 18. Ne2 Nxd3 19. Nxd3 Qb6 20. Qg5 Qd8 21. Nef4 Rg8 22. Qh6 gxh3 23. Nxh5 Ng4 24. Qh7 Qg5 25. Re4 h2+ 26. Kg2 b6 27. Rxg4 Bb7+ 28. f3 Bxf3+ 29. Kxf3 Qxg4+ 30. Kg2 O-O-O 31. Kxh2 Rh8 32. Nf2 Rxh7 33. Nxg4 Rxh5+ 34. Kg2 Rc5 0-1


[Site "https://www.chess.com"]

[Event "Titled Tuesday Blitz August 15 Early 2023"]
[White "Huynh, Lam Binh Nguyen"]
[Black "Mackster23"]
[WhiteFideId "12401633"]
[WhiteElo "2294"]
[BlackElo "2488"]
[Result "1-0"]
[Round "4"]
[TimeControl "180+1"]
[Date "2023.08.15"]
[WhiteClock "0:00:32"]
[BlackClock "0:00:00"]
[Board "169"]

1. d4 Nf6 2. Bf4 d5 3. e3 c5 4. Nd2 Nc6 5. c3 e6 6. Ngf3 cxd4 7. exd4 Nh5 8. Bg5 Be7 9. Be3 Bd6 10. Bd3 Nf4 11. Bxf4 Bxf4 12. O-O Bc7 13. Qe2 Qd6 14. Rfe1 Bd7 15. g3 O-O-O 16. b4 f6 17. b5 Ne7 18. Nb3 b6 19. a4 h5 20. Ne5 fxe5 21. dxe5 Qxe5 22. Qxe5 Bxe5 23. Rxe5 h4 24. g4 Rhf8 25. Nd4 Rf4 26. f3 Rdf8 27. Kg2 Kd8 28. h3 Nc8 29. a5 Kc7 30. axb6+ axb6 31. Ra8 Kb7 32. Ra2 Nd6 33. Be2 Rc8 34. Nxe6 Bxe6 35. Rxe6 Nc4 36. Re7+ Rc7 37. Ra7+ Kxa7 38. Rxc7+ Kb8 39. Rxg7 Nd6 40. Kf2 d4 41. cxd4 Rxd4 42. Ke3 Rb4 43. Rg5 Kc7 44. Rd5 Rb3+ 45. Bd3 Rb2 46. Rh5 Rb3 47. Rh7+ Kd8 48. f4 Nxb5 49. Rxh4 Nc7 50. Rh5 Ne6 51. Rd5+ Ke7 52. f5 Nc5 53. h4 Rb4 54. Rd4 Rb2 55. g5 Rh2 56. Bc4 Rh3+ 57. Kf2 Nd7 58. Re4+ Kf8 59. f6 Nc5 60. Rd4 Ke8 61. f7+ Ke7 62. g6 Rh2+ 63. Kg3 Rh1 64. Kg2 Re1 65. g7 1-0


[Site "https://www.chess.com"]

[Event "Titled Tuesday Blitz August 15 Early 2023"]
[White "Tomaszewski, Kacper"]
[Black "Mikhaylova, Irina"]
[WhiteFideId "1127373"]
[BlackFideId "4109040"]
[WhiteElo "2488"]
[BlackElo "2289"]
[Result "0-1"]
[Round "4"]
[TimeControl "180+1"]
[Date "2023.08.15"]
[WhiteClock "0:00:07"]
[BlackClock "0:00:13"]
[Board "170"]

1. e4 c5 2. Nf3 Nc6 3. c3 d5 4. exd5 Qxd5 5. Na3 Bg4 6. d4 e6 7. Be2 Nf6 8. O-O Be7 9. Nb5 Rc8 10. Be3 cxd4 11. Nbxd4 Nxd4 12. Nxd4 Bxe2 13. Qxe2 O-O 14. Rfd1 a6 15. Nb3 Qc4 16. Qxc4 Rxc4 17. Rd3 Rcc8 18. Rad1 Rfd8 19. Na5 Rxd3 20. Rxd3 b5 21. Kf1 Nd5 22. Ke2 Kf8 23. Kd2 Ke8 24. a3 Bd8 25. Nb7 Be7 26. b4 Rc7 27. Na5 Rd7 28. Nc6 Rb7 29. Bd4 f6 30. g3 Kd7 31. Na5 Rc7 32. f4 Bd6 33. Nb3 Ke7 34. Bc5 Bxc5 35. Nxc5 Rc6 36. Nb3 Nb6 37. Na5 Nc4+ 38. Nxc4 Rxc4 39. Kc2 e5 40. fxe5 fxe5 41. Re3 Ke6 42. Kd3 Kd5 43. Re1 e4+ 44. Kd2 Ke5 45. Rf1 Rc7 46. Rf8 Rd7+ 47. Kc2 Re7 48. Kd2 Rd7+ 49. Kc2 Re7 50. Ra8 Re6 51. Ra7 Rd6 52. Rxg7 h6 53. Re7+ Kd5 54. Re8 h5 55. Kd2 Kc4+ 56. Kc2 Kd5 57. Rc8 Ke5 58. Rc5+ Rd5 59. Rc6 e3 60. Rc8 Ke4 61. Re8+ Kf3 62. Rf8+ Ke2 63. h3 Ke1 64. g4 hxg4 65. hxg4 e2 66. a4 Rd2+ 67. Kc1 Rd1+ 68. Kc2 bxa4 69. c4 a3 70. Kb3 Rd3+ 71. Kc2 Rd2+ 72. Kb3 a2 0-1


[Site "https://www.chess.com"]

[Event "Titled Tuesday Blitz August 15 Early 2023"]
[White "Eidelman, Gabriel"]
[Black "Diaz, Fernando"]
[WhiteFideId "30910544"]
[BlackFideId "3701255"]
[WhiteElo "2487"]
[BlackElo "2287"]
[Result "1-0"]
[Round "4"]
[TimeControl "180+1"]
[Date "2023.08.15"]
[WhiteClock "0:00:05"]
[BlackClock "0:00:03"]
[Board "171"]

1. e4 e6 2. Nc3 d5 3. exd5 exd5 4. d4 c6 5. Nf3 Bd6 6. Bd3 Ne7 7. h3 O-O 8. O-O Bf5 9. Bg5 f6 10. Bd2 Bxd3 11. cxd3 Na6 12. Re1 Qc7 13. Re6 Rae8 14. Qe2 Qd7 15. Re1 Nc7 16. Re3 Nf5 17. Rxe8 Rxe8 18. Qd1 Rxe1+ 19. Qxe1 Qe6 20. Qxe6+ Nxe6 21. Be3 Bc7 22. g4 Ne7 23. h4 Ng6 24. Ne2 Kf7 25. Kf1 Ngf4 26. Nxf4 Nxf4 27. Ne1 a5 28. a4 Ng6 29. Ng2 Nf8 30. Ke2 Ne6 31. Kd2 b5 32. b3 g6 33. Ne1 f5 34. gxf5 gxf5 35. f3 Kg6 36. Bf2 Bb6 37. Nc2 Kh5 38. Kc3 Bd8 39. axb5 cxb5 40. b4 a4 41. Na3 Nc7 42. Bg3 Na6 43. Nxb5 Be7 44. Nd6 f4 45. Bxf4 Kxh4 46. b5 Nb8 47. Nf5+ Kh3 48. Nxe7 Nd7 49. Nxd5 Kg2 50. b6 Nxb6 51. Nxb6 Kxf3 52. Bd6 h5 53. Kb4 h4 54. Kxa4 Ke3 55. Be5 Kxd3 56. d5 Ke4 57. d6 Kxe5 58. d7 h3 59. d8=Q h2 60. Qh8+ Kf5 61. Qxh2 1-0


[Site "https://www.chess.com"]

[Event "Titled Tuesday Blitz August 15 Early 2023"]
[White "Koutlas, Nikolaos"]
[Black "AndresDelgado77"]
[WhiteFideId "25827138"]
[WhiteElo "2486"]
[BlackElo "2271"]
[Result "1-0"]
[Round "4"]
[TimeControl "180+1"]
[Date "2023.08.15"]
[WhiteClock "0:01:21"]
[BlackClock "0:00:00"]
[Board "172"]

1. Nf3 Nf6 2. g3 d5 3. c4 c6 4. Bg2 Bf5 5. O-O e6 6. b3 h6 7. Bb2 Nbd7 8. d3 Be7 9. Nbd2 O-O 10. Rc1 a5 11. a4 Bh7 12. h3 Rc8 13. Ne5 Nxe5 14. Bxe5 Nd7 15. Bc3 Bb4 16. Nf3 Qb6 17. Qd2 Nc5 18. Rb1 Rfd8 19. cxd5 cxd5 20. Bxb4 Qxb4 21. Qxb4 axb4 22. Rfc1 Na6 23. Nd4 Rc3 24. Nb5 Rdc8 25. Nxc3 bxc3 26. b4 b6 27. Kf1 Rc7 28. f4 d4 29. Ke1 f6 30. Kd1 Kf7 31. Kc2 Ke7 32. Re1 Kd6 33. e3 e5 34. exd4 exd4 35. Be4 Bg8 36. Bf3 Ba2 37. Re4 Bxb1+ 38. Kxb1 Nxb4 39. Rxd4+ Kc5 40. Rc4+ Kd6 41. Rxb4 Kc5 42. Rc4+ Kd6 43. Rxc7 Kxc7 44. Kc2 1-0


[Site "https://www.chess.com"]

[Event "Titled Tuesday Blitz August 15 Early 2023"]
[White "Juicy_Fork"]
[Black "Marn, Jan"]
[BlackFideId "14619245"]
[WhiteElo "2271"]
[BlackElo "2483"]
[Result "0-1"]
[Round "4"]
[TimeControl "180+1"]
[Date "2023.08.15"]
[WhiteClock "0:00:00"]
[BlackClock "0:00:45"]
[Board "174"]

1. e4 e5 2. Nf3 Nc6 3. Bb5 a6 4. Ba4 d6 5. O-O Nf6 6. Re1 Be7 7. c3 O-O 8. h3 Nd7 9. d4 Nb6 10. Bc2 Bf6 11. d5 Ne7 12. Nbd2 Ng6 13. Nf1 a5 14. Ng3 a4 15. Nh5 h6 16. Be3 Nc4 17. Qc1 Nxe3 18. Qxe3 Bg5 19. Nxg5 hxg5 20. b3 a3 21. c4 Nf4 22. Nxf4 gxf4 23. Qf3 Qg5 24. b4 g6 25. c5 Kg7 26. Kf1 Rh8 27. Ke2 b6 28. c6 Qh4 29. b5 Ra5 30. Bd3 g5 31. g3 Qxh3 32. Rh1 Bg4 33. Rxh3 Bxf3+ 34. Kxf3 Rxh3 35. Kg2 g4 36. Be2 f3+ 37. Bxf3 Rxb5 38. Bxg4 Rh8 39. Bf5 Rb2 40. g4 Kf6 41. Kg3 Kg5 42. f3 Rhh2 43. Rg1 Rxa2 0-1


[Site "https://www.chess.com"]

[Event "Titled Tuesday Blitz August 15 Early 2023"]
[White "Bochnicka, Vladimir"]
[Black "Kohler, Aran"]
[WhiteFideId "14943450"]
[BlackFideId "1002856"]
[WhiteElo "2483"]
[BlackElo "2266"]
[Result "1-0"]
[Round "4"]
[TimeControl "180+1"]
[Date "2023.08.15"]
[WhiteClock "0:00:10"]
[BlackClock "0:00:07"]
[Board "175"]

1. e4 c5 2. Nf3 Nc6 3. d4 cxd4 4. Nxd4 Nf6 5. Nc3 e5 6. Ndb5 d6 7. Bg5 a6 8. Na3 b5 9. Nd5 Be7 10. Bxf6 Bxf6 11. c3 O-O 12. h4 Be6 13. Nc2 Ne7 14. Nxf6+ gxf6 15. Qf3 f5 16. exf5 Nxf5 17. Bd3 Ne7 18. Ne3 f5 19. h5 e4 20. Qg3+ Kh8 21. h6 Rg8 22. Qh4 Ng6 23. Qxd8 Raxd8 24. Bc2 Ne5 25. O-O-O d5 26. f4 Nc4 27. Nxc4 dxc4 28. Rxd8 Rxd8 29. g4 fxg4 30. Bxe4 g3 31. f5 Bf7 32. Rg1 Rg8 33. Kd2 Rg4 34. Ke3 Rh4 35. Rxg3 Rxh6 36. Kd4 Rf6 37. Ke5 Rb6 38. Bd5 Bxd5 39. Kxd5 h6 40. Ke5 Kh7 41. f6 Rb7 42. Ke6 Rb6+ 43. Kf5 Rb7 44. Re3 h5 45. Re7+ 1-0


[Site "https://www.chess.com"]

[Event "Titled Tuesday Blitz August 15 Early 2023"]
[White "Yuruultei Batbaatar"]
[Black "Ankerst, Mihael"]
[WhiteFideId "4905962"]
[BlackFideId "14602369"]
[WhiteElo "2258"]
[BlackElo "2477"]
[Result "0-1"]
[Round "4"]
[TimeControl "180+1"]
[Date "2023.08.15"]
[WhiteClock "0:00:00"]
[BlackClock "0:01:19"]
[Board "176"]

1. d4 Nf6 2. c4 g6 3. Nc3 Bg7 4. e4 d6 5. Nf3 O-O 6. Be2 Na6 7. O-O e5 8. Be3 c6 9. d5 Ng4 10. Bg5 f6 11. Bd2 f5 12. Ne1 Nf6 13. f3 Qb6+ 14. Kh1 Qxb2 15. Rb1 Qa3 16. dxc6 bxc6 17. Nb5 cxb5 18. Nc2 Qa4 19. cxb5 Nc5 20. Bb4 Be6 21. Qxd6 Qxc2 22. Bxc5 Bxa2 23. Bd3 Qa4 24. Rb4 Qa5 25. Ra1 Rfd8 26. Qxe5 Rxd3 27. exf5 Rad8 28. Be7 Rd1+ 0-1


[Site "https://www.chess.com"]

[Event "Titled Tuesday Blitz August 15 Early 2023"]
[White "Dias, Paulo"]
[Black "Fajdetic, Hrvoje"]
[WhiteFideId "1900803"]
[BlackFideId "14501945"]
[WhiteElo "2476"]
[BlackElo "2260"]
[Result "1-0"]
[Round "4"]
[TimeControl "180+1"]
[Date "2023.08.15"]
[WhiteClock "0:01:06"]
[BlackClock "0:00:05"]
[Board "177"]

1. e4 c5 2. Nf3 a6 3. c3 d5 4. exd5 Qxd5 5. d4 Nf6 6. Be2 Bg4 7. c4 Qd6 8. d5 g6 9. O-O Bg7 10. Nc3 O-O 11. Re1 Nbd7 12. h3 Bxf3 13. Bxf3 Rfe8 14. g3 Rad8 15. Bf4 Qb6 16. Qc2 e5 17. Be3 Qd6 18. Rad1 b6 19. a3 h6 20. Kh2 Kh7 21. b3 Nf8 22. Bg2 Re7 23. Re2 Rde8 24. Rde1 Rb8 25. Bc1 b5 26. Be3 b4 27. axb4 cxb4 28. Na4 Rc7 29. c5 Qd8 30. d6 Rcc8 31. Rd1 Ne6 32. c6 Qa5 33. c7 Nd4 34. Bxd4 exd4 35. cxb8=Q Rxb8 36. Qc7 1-0


[Site "https://www.chess.com"]

[Event "Titled Tuesday Blitz August 15 Early 2023"]
[White "Clawitter, Craig"]
[Black "Pandey Srishti"]
[WhiteFideId "2023105"]
[BlackFideId "35093290"]
[WhiteElo "2243"]
[BlackElo "2476"]
[Result "0-1"]
[Round "4"]
[TimeControl "180+1"]
[Date "2023.08.15"]
[WhiteClock "0:00:10"]
[BlackClock "0:01:12"]
[Board "178"]

1. e4 e5 2. Nf3 Nc6 3. Bb5 a6 4. Ba4 d6 5. c3 Bg4 6. d3 Ne7 7. h3 Bd7 8. O-O Ng6 9. d4 Be7 10. d5 Nb8 11. c4 O-O 12. Nc3 Bxa4 13. Qxa4 Nd7 14. b4 f5 15. exf5 Rxf5 16. Ne4 Qf8 17. Nfg5 Bxg5 18. Nxg5 Qe7 19. Qc2 Rxg5 20. Bxg5 Qxg5 21. Kh2 Rf8 22. g3 Rf3 23. c5 Qf6 24. c6 bxc6 25. dxc6 Ndf8 26. Kg2 Ne6 27. Qc4 Kf8 28. Qxa6 Rc3 29. Qc8+ Kf7 30. Qd7+ Ne7 31. f4 exf4 32. gxf4 Qg6+ 33. Kh1 Qe4+ 34. Kg1 Rg3+ 35. Kh2 Qg2# 0-1


[Site "https://www.chess.com"]

[Event "Titled Tuesday Blitz August 15 Early 2023"]
[White "Devaev, Alexander"]
[Black "bteillet"]
[WhiteFideId "4169395"]
[WhiteElo "2475"]
[BlackElo "2242"]
[Result "0-1"]
[Round "4"]
[TimeControl "180+1"]
[Date "2023.08.15"]
[WhiteClock "0:02:13"]
[BlackClock "0:02:31"]
[Board "179"]

1. d4 d6 2. c4 Nf6 3. Nc3 g6 4. e4 Bg7 5. Nf3 O-O 6. Ng1 e5 7. Nf3 exd4 8. h3 dxc3 9. bxc3 Nc6 10. Bd3 Re8 11. O-O Nxe4 12. Qc2 Nxc3 13. Bb2 Nb4 14. Qd2 Nxd3 15. Bxc3 Nc5 16. Nd4 Ne4 0-1


[Site "https://www.chess.com"]

[Event "Titled Tuesday Blitz August 15 Early 2023"]
[White "Schut, Han"]
[Black "brm72"]
[WhiteFideId "1005561"]
[WhiteElo "2225"]
[BlackElo "2475"]
[Result "1-0"]
[Round "4"]
[TimeControl "180+1"]
[Date "2023.08.15"]
[WhiteClock "0:00:01"]
[BlackClock "0:00:05"]
[Board "180"]

1. e4 c5 2. Nf3 Nc6 3. d4 cxd4 4. Nxd4 Nf6 5. Nc3 e6 6. Ndb5 Bc5 7. Bf4 O-O 8. Bd6 Bxd6 9. Nxd6 a6 10. f4 Ne8 11. e5 f6 12. Nxe8 Rxe8 13. Bd3 f5 14. Qh5 Nb4 15. O-O-O b5 16. g4 Nxd3+ 17. Rxd3 Bb7 18. Rg1 g6 19. gxf5 exf5 20. Rxg6+ Kh8 21. Rdg3 Qe7 22. Rg7 Qxg7 23. Rxg7 Kxg7 24. Qxf5 Re7 25. Ne4 Rf8 26. Qg5+ Kh8 27. Nf6 Rg7 28. Qh6 Bc6 29. b3 a5 30. Kb2 a4 31. h4 Rff7 32. Qh5 Rf8 33. Qe2 Rg2 34. Qd3 Rf7 35. h5 Rfg7 36. Qd6 Rf7 37. Qb8+ Kg7 38. Qg8+ Kh6 39. Qd8 Rfg7 40. f5 Re2 41. Ng8+ Kxh5 42. f6 Rgg2 43. Qe8+ Kh4 44. f7 Rxc2+ 45. Ka3 b4+ 46. Kxb4 Rxa2 47. f8=Q axb3 48. Qf4+ Kh3 49. Qh5# 1-0


[Site "https://www.chess.com"]

[Event "Titled Tuesday Blitz August 15 Early 2023"]
[White "Mirzanurov, Bulat"]
[Black "Shuvalov, Evgenij"]
[WhiteFideId "4184521"]
[BlackFideId "4187237"]
[WhiteElo "2214"]
[BlackElo "2470"]
[Result "0-1"]
[Round "4"]
[TimeControl "180+1"]
[Date "2023.08.15"]
[WhiteClock "0:00:11"]
[BlackClock "0:01:15"]
[Board "181"]

1. e4 e6 2. d4 d5 3. Nc3 Nf6 4. Bg5 Bb4 5. e5 h6 6. Bd2 Bxc3 7. bxc3 Ne4 8. Qg4 g6 9. h4 c5 10. Nf3 Nc6 11. Qf4 Qa5 12. Qe3 Bd7 13. Bd3 Nxd2 14. Qxd2 c4 15. Be2 Qa3 16. h5 g5 17. g4 O-O-O 18. O-O Rdf8 19. Nh2 f6 20. Nf3 fxe5 21. Nxe5 Nxe5 22. dxe5 Rf4 23. Rae1 Rhf8 24. f3 Bc6 25. Rf2 Qc5 26. Kg2 Rxg4+ 27. Kh3 Qxf2 28. fxg4 Qh4+ 29. Kg2 Rf2+ 30. Kg1 Qh2# 0-1


[Site "https://www.chess.com"]

[Event "Titled Tuesday Blitz August 15 Early 2023"]
[White "favesaul"]
[Black "Zaichenko, Daria"]
[BlackFideId "4197453"]
[WhiteElo "2470"]
[BlackElo "2216"]
[Result "0-1"]
[Round "4"]
[TimeControl "180+1"]
[Date "2023.08.15"]
[WhiteClock "0:00:00"]
[BlackClock "0:00:05"]
[Board "182"]

1. e4 c5 2. Nf3 Nc6 3. Nc3 Nd4 4. Nxd4 cxd4 5. Ne2 e5 6. d3 d5 7. Ng3 Nf6 8. c3 dxe4 9. cxd4 Qxd4 10. a3 exd3 11. Bxd3 Bg4 12. Qb3 O-O-O 13. Be2 Be6 14. Qc2+ Qc5 15. Qa4 Rd4 16. Qb5 Qxb5 17. Bxb5 a6 18. Be2 Be7 19. Be3 Rd7 20. O-O Kb8 21. f4 exf4 22. Bxf4+ Bd6 23. Bg5 Be5 24. Nf5 Bxf5 25. Rxf5 Bxb2 26. Rb1 Bd4+ 27. Kh1 Ka7 28. h3 h6 29. Bh4 Re8 30. Bf3 Bb6 31. a4 Re6 32. a5 Be3 33. Bxf6 Rxf6 34. Re5 Re6 35. Rf5 f6 36. Kh2 Bd4 37. Kh1 Be5 0-1


[Site "https://www.chess.com"]

[Event "Titled Tuesday Blitz August 15 Early 2023"]
[White "Patrascu, Catalin-Lucian"]
[Black "le-castor-faineant"]
[WhiteFideId "1229052"]
[WhiteElo "2469"]
[BlackElo "2179"]
[Result "0-1"]
[Round "4"]
[TimeControl "180+1"]
[Date "2023.08.15"]
[WhiteClock "0:00:00"]
[BlackClock "0:00:07"]
[Board "183"]

1. e4 e5 2. Nf3 Nf6 3. Nc3 Nc6 4. Bb5 d6 5. O-O Be7 6. Re1 Bg4 7. h3 Bh5 8. Nd5 a6 9. Bxc6+ bxc6 10. Nxf6+ Bxf6 11. d3 Qd7 12. Qe2 g5 13. g4 Bg6 14. Bxg5 Bxg5 15. Nxg5 h5 16. f4 exf4 17. e5 O-O-O 18. d4 dxe5 19. Qxa6+ Kb8 20. Rad1 hxg4 21. Rxe5 gxh3 22. Ne6 h2+ 23. Kf2 h1=Q 24. Rxh1 fxe6 25. c3 Qc8 26. Qxc6 Rd5 27. Rxd5 exd5 28. Rxh8 Qxh8 29. Qb5+ Kc8 0-1


[Site "https://www.chess.com"]

[Event "Titled Tuesday Blitz August 15 Early 2023"]
[White "Arencibia Monduy, Antonio"]
[Black "Pert, Nina"]
[WhiteFideId "3507939"]
[BlackFideId "456853"]
[WhiteElo "2465"]
[BlackElo "2174"]
[Result "0-1"]
[Round "4"]
[TimeControl "180+1"]
[Date "2023.08.15"]
[WhiteClock "0:00:40"]
[BlackClock "0:00:57"]
[Board "184"]

1. e4 c6 2. d4 d5 3. e5 Bf5 4. Nf3 e6 5. Nbd2 a5 6. a4 h6 7. Nb3 Nd7 8. Be3 Ne7 9. Be2 g5 10. h3 Bg7 11. c3 Qb6 12. Ra3 Bg6 13. Qc1 Nf5 14. Nbd2 Nxe3 15. fxe3 O-O 16. O-O Rae8 17. Rb3 Qa7 18. c4 f6 19. exf6 Bxf6 20. c5 Kg7 21. Bd3 e5 22. Bxg6 Kxg6 23. e4 exd4 24. exd5 Nxc5 25. Ra3 cxd5 26. Nb3 Ne4 27. Qc2 d3+ 0-1


[Site "https://www.chess.com"]

[Event "Titled Tuesday Blitz August 15 Early 2023"]
[White "Cueto, Jonny"]
[Black "NigelDwarf"]
[WhiteFideId "3300145"]
[WhiteElo "2179"]
[BlackElo "2464"]
[Result "0-1"]
[Round "4"]
[TimeControl "180+1"]
[Date "2023.08.15"]
[WhiteClock "0:00:04"]
[BlackClock "0:00:33"]
[Board "185"]

1. d4 Nf6 2. Bf4 c5 3. d5 b5 4. a4 b4 5. f3 g6 6. e4 d6 7. Nd2 Bg7 8. Nc4 O-O 9. Bd3 Nh5 10. Be3 e6 11. Ne2 exd5 12. exd5 Re8 13. Qd2 Bb7 14. O-O Bxd5 15. Nf4 Bxc4 16. Bxc4 Rxe3 17. Nxh5 Bd4 18. Kh1 gxh5 19. Bd5 Nd7 20. c3 bxc3 21. bxc3 Rxc3 22. Bxa8 Qxa8 23. Qg5+ Kh8 24. Qxh5 Qg8 25. Rab1 Rc2 26. Qh3 Ne5 27. Rb3 c4 28. Rb7 Nd3 29. Qf5 Nf2+ 30. Kg1 Ne4+ 31. Kh1 Qxg2# 0-1


[Site "https://www.chess.com"]

[Event "Titled Tuesday Blitz August 15 Early 2023"]
[White "Tharushi, T H D Niklesha"]
[Black "Molenda, Marcin"]
[WhiteFideId "9918264"]
[BlackFideId "1173065"]
[WhiteElo "2173"]
[BlackElo "2463"]
[Result "0-1"]
[Round "4"]
[TimeControl "180+1"]
[Date "2023.08.15"]
[WhiteClock "0:00:20"]
[BlackClock "0:00:17"]
[Board "186"]

1. e4 e6 2. d4 d5 3. Nc3 dxe4 4. Nxe4 Bd7 5. Nf3 Bc6 6. Bd3 Nd7 7. c3 Ngf6 8. Qe2 Be7 9. O-O O-O 10. Re1 Nxe4 11. Bxe4 Bxe4 12. Qxe4 c6 13. Bf4 a5 14. Ne5 a4 15. Rad1 Ra5 16. Rd3 Nf6 17. Qe2 Nd5 18. Bd2 Bg5 19. Rg3 Bxd2 20. Qxd2 Ne7 21. Re4 Ng6 22. f4 Qd5 23. Qe2 Qxa2 24. Nd7 Rd8 25. Nc5 Qb1+ 26. Kf2 Rb5 27. Nd3 Qa1 28. c4 Rf5 29. Rge3 h5 30. h3 h4 31. Rf3 a3 32. bxa3 Rxd4 33. Nc5 Rxc5 34. Rfe3 Rxe4 35. Rxe4 Qc3 36. Kg1 Rf5 37. Qf2 Qc1+ 38. Re1 Qxf4 39. Qa7 Qg3 40. Re2 Nf4 41. Rd2 Nxh3+ 42. Kh1 Rf1+ 43. Qg1 Rxg1# 0-1


[Site "https://www.chess.com"]

[Event "Titled Tuesday Blitz August 15 Early 2023"]
[White "RrainlessBobot"]
[Black "campochess"]
[WhiteElo "2460"]
[BlackElo "2168"]
[Result "1-0"]
[Round "4"]
[TimeControl "180+1"]
[Date "2023.08.15"]
[WhiteClock "0:00:18"]
[BlackClock "0:00:35"]
[Board "187"]

1. Nf3 d5 2. g3 Nf6 3. Bg2 g6 4. O-O Bg7 5. d3 c5 6. c3 Nc6 7. Bf4 O-O 8. Ne5 Nd7 9. Nxc6 bxc6 10. Qc2 e5 11. Bc1 Rb8 12. c4 d4 13. Bxc6 Bb7 14. Bxb7 Rxb7 15. a3 Qf6 16. b4 Qe6 17. Nd2 f5 18. Rb1 Rfb8 19. Nf3 cxb4 20. axb4 Rxb4 21. Rxb4 Rxb4 22. Bd2 Rb7 23. Rb1 Qc6 24. Rxb7 Qxb7 25. Qa4 e4 26. Ng5 Nf8 27. Bb4 exd3 28. exd3 h6 29. Bxf8 hxg5 30. Bxg7 Kxg7 31. c5 Qb1+ 32. Kg2 Qxd3 33. Qd7+ Kh6 34. Qe8 Kh7 35. c6 g4 36. Qe7+ Kg8 37. c7 Qf3+ 38. Kf1 Qh1+ 39. Ke2 Qf3+ 40. Ke1 Qc3+ 41. Kd1 Qd3+ 42. Kc1 Qc3+ 43. Kb1 Qb3+ 44. Ka1 Qd1+ 45. Kb2 Qd2+ 46. Kb3 Qc3+ 47. Ka4 Qc4+ 48. Ka5 Qd5+ 49. Ka6 Qa2+ 50. Kb7 Qb3+ 51. Ka8 Qd5+ 52. Kb8 Qb3+ 53. Kxa7 Qa4+ 54. Kb6 Qb3+ 55. Kc6 Qc4+ 56. Qc5 Qe6+ 57. Kb5 Qb3+ 58. Qb4 Qd5+ 59. Kb6 Qe6+ 60. Ka7 Qd7 61. Kb8 Kh7 62. c8=Q 1-0


[Site "https://www.chess.com"]